 Dungeon Crawl Stone Soup version 0.30.0-11-gf55b779eaf (webtiles) character file.

Game seed: 13618536334422719452

171 jasper the Sneak (level 5, -2/27 HPs)
             Began as a Spriggan Brigand on May 16, 2023.
             Killed by divine providence
             ... invoked by an orc priest
              (16 damage)
             ... on level 3 of the Dungeon.
             The game lasted 00:05:10 (2681 turns).

jasper the Sneak (Spriggan Brigand)                 Turns: 2681, Time: 00:05:10

Health: -2/27      AC:  3    Str:  7    XL:     5   Next: 26%
Magic:  6/6        EV: 17    Int: 15    God:
Gold:   80         SH:  4    Dex: 16    Spells: 4/4 levels left

rFire   . . .        m - +2 short sword (speed)
rCold   . . .        g - +0 buckler
rNeg    . . .        b - +0 robe
rPois   .            (helmet restricted)
rElec   .            c - +0 cloak
rCorr   .            (gloves unavailable)
SInv    +            (boots unavailable)
Will    .....        (no amulet)
Stlth   +++          (no ring)
HPRegen 0.24/turn    (no ring)
MPRegen 0.10/turn

%: no passive effects
@: very quick
A: very small, no large weapons, unfitting armour, see invisible, speed 3
a: no special abilities


You were on level 3 of the Dungeon.
You visited 1 branch of the dungeon, and saw 3 of its levels.

You collected 80 gold pieces.

Inventory:

Hand Weapons
 a - a +2 dagger
 j - a +0 short sword
 m - a +2 short sword of speed (weapon)
 n - a +1 antimagic dagger
Missiles
 d - 10 poisoned darts (quivered)
 e - 3 curare-tipped darts
Armour
 b - a +0 robe (worn)
 c - a +0 cloak (worn)
 g - a +0 buckler (worn)
Scrolls
 i - a scroll of teleportation {unknown}
 o - a scroll of enchant weapon {unknown}
Potions
 f - a potion of ambrosia
 h - 2 potions of heal wounds
 k - a potion of curing
 l - a potion of lignification {unknown}


   Skills:
 + Level 2.4 Fighting
 * Level 4.0 Short Blades
 - Level 2.0 Throwing
 + Level 3.2 Dodging
 + Level 6.7 Stealth
 + Level 0.7 Shields


You had 4 spell levels left.
You didn't know any spells.
Your spell library contained the following spells:

 Spells                   Type           Power      Damage    Failure   Level
 Apportation              Tloc           0%         N/A       41%         1
 Alistair's Intoxication  Tmut/Pois      0%         N/A       100%        5


Dungeon Overview and Level Annotations

Branches:
Dungeon (3/15)

Altars:
Dithmenos
Gozag


Innate Abilities, Weirdness & Mutations

You are very small and have problems with some larger weapons.
You are too small for most types of armour.
You have supernaturally acute eyesight. (SInv)
You cover ground extremely quickly. (Speed+++)


Message History

You hit the kobold.
The kobold is severely wounded.
The bat closely misses you. The kobold closely misses you.
You hit the kobold.
You kill the kobold!
The bat closely misses you.
You hit the bat.
You kill the bat!
You throw a poisoned dart.
The poisoned dart closely misses the orc priest.
You throw a poisoned dart.
The poisoned dart barely misses the orc priest.
You throw a poisoned dart.
The poisoned dart barely misses the orc priest.
You throw a poisoned dart.
The poisoned dart closely misses the orc priest.
The orc priest looks satisfied for a moment.
You throw a poisoned dart. The poisoned dart hits the orc priest.
The orc priest is poisoned.
The orc priest is moderately wounded.
You throw a poisoned dart. The poisoned dart hits the orc priest.
The orc priest looks even sicker.
The orc priest is moderately wounded.
The orc priest mumbles some strange prayers to Beogh against you.
Beogh smites you!
You take 9 damage, and have 13/27 hp.
MASSIVE DAMAGE!!
You hit the orc priest but do no damage.
The orc priest is heavily wounded.
The orc priest hits you but does no damage.
You hit the orc priest but do no damage.
The orc priest is heavily wounded.
You barely miss the orc priest.
The orc priest is heavily wounded.
The orc priest barely misses you.
You hit the orc priest but do no damage.
The orc priest is heavily wounded.
The orc priest mumbles some strange prayers to Beogh against you.
Beogh smites you!
Ouch! That really hurt!
You die...

#.....)....# #.
##.........# #.
##.##.....####.
#...#.....##... #
##...#.....##(#.
#P#####....########.##
#....#.....# ##.#.# #.
#.......# #.#...
#.######.@o((..# #...#.
.......##.....(#######.#..
....... ####...(....###..#
.)..... ##.##.#####..#.
.......######.......#..#..
......)#...######.###.#...
......o....ooo(o....##..##
.......#...######..####_##
.......#...# ##..#.###.


You could see an orc priest (very poisoned).

Vanquished Creatures
  An iguana (D:3)
  6 adders
  A worm (D:3)
  A dart slug (D:2)
  3 orcs (D:3)
  6 endoplasms
  9 giant cockroaches
  6 goblins
  6 hobgoblins
  7 jackals
  7 kobolds
  4 quokkas
  6 ball pythons
  9 bats
  6 frilled lizards
  3 rats
81 creatures vanquished.

Notes
Turn   | Place    | Note
-------+----------+-------------------------------------------
     0 | D:1      | jasper the Spriggan Brigand began the quest for the Orb.
     0 | D:1      | Reached XP level 1. HP: 10/10 MP: 2/2
   197 | D:1      | Reached skill level 6 in Stealth
   245 | D:1      | Reached XP level 2. HP: 15/15 MP: 3/3
   480 | D:1      | Reached XP level 3. HP: 15/18 MP: 4/4
  1223 | D:2      | Reached XP level 4. HP: 23/23 MP: 5/5
  2264 | D:3      | Found a shadowy altar of Dithmenos.
  2299 | D:3      | Identified the +2 spear "Ixamu" {flame, Fragile rElec rPois
                  | rC++}
  2317 | D:3      | Found an opulent altar of Gozag.
  2531 | D:3      | Reached XP level 5. HP: 27/27 MP: 6/6
  2681 | D:3      | Killed from afar by an orc priest

Illustrated notes

Levels and vault maps discovered:
D:1:      lemuel_arrival_muddy, layout_loops_corners, serial_bayou_pond_b,
          serial_bayou_pond_d
D:2:      layout_basic
D:3:      layout_basic, marbit_many_paths, mainiacjoe_overflow_24_doors,
          gammafunk_temple_overflow_forgotten, kennysheep_cluttered_room,
          serial_bayou_pond_a, kennysheep_generic_room_15

Skill      XL: |  1  2  3  4  5 |
---------------+----------------+-----
Stealth        | 6 |  6.7
Dodging        | 2 3 |  3.2
Short Blades   | 3 4 |  4.0
Fighting       | 2 |  2.4
Throwing       | |  2.0
Shields        | |  0.7

Action                     |  1- 3 |  4- 6 || total
---------------------------+-------+-------++-------
  Melee: Dagger            |   101 |       ||   101
         Punch             |     1 |       ||     1
         Short sword       |    24 |    97 ||   121
  Throw: Dart              |     3 |    12 ||    15
    Use: Scroll            |     2 |     5 ||     7
         Potion            |       |     1 ||     1
   Stab: Sleeping          |    17 |    15 ||    32
 Armour: Robe              |    14 |     5 ||    19
  Dodge: Dodged            |   101 |    43 ||   144
  Block: Buckler           |     4 |     5 ||     9
